 Dungeon Crawl Stone Soup version 0.28-a0-850-g09de17f5b5 (webtiles) character file.

Game seed: 13087173422809667358

4240 dracfodder the Thaumaturge (level 10, -5/61 HPs)
             Began as a Gargoyle Ice Elementalist on Nov 13, 2021.
             Slain by Psyche (10 damage)
             ... on level 9 of the Dungeon.
             The game lasted 00:56:41 (8680 turns).

dracfodder the Thaumaturge (GrIE)                   Turns: 8680, Time: 00:56:42

Health: -5/61      AC: 13    Str: 17    XL:     10   Next: 30%
Magic:  22/22      EV: 12    Int: 24    God:
Gold:   408        SH:  0    Dex:  8    Spells: 0/26 levels left

rFire   . . .      SeeInvis .   a - +5 hand axe "Loble" {freeze, Fly Str+4}
rCold   . . .      Faith    .   (no shield)
rNeg    + . .      Spirit   .   l - +1 robe
rPois   ∞          Reflect  .   r - +0 helmet
rElec   +          Harm     .   (no cloak)
rCorr   .          Rampage  +   (no gloves)
Will    ++...                   y - +2 pair of boots {rampage}
Stlth   ++........              (no amulet)
HPRegen 0.20/turn               H - +6 ring of intelligence
MPRegen 0.18/turn               j - ring of willpower

@: flying
A: sickness immunity, AC +7, negative energy resistance 1, electricity
resistance, torment resistance 1, petrification resistance, talons 1, clumsy 1,
deformed body, strong-willed 1, robust 1
a: no special abilities


You were on level 9 of the Dungeon.
You visited 1 branch of the dungeon, and saw 9 of its levels.

You collected 408 gold pieces.

Inventory:

Hand Weapons
 a - the +5 hand axe "Loble" (weapon) {freeze, Fly Str+4}
   (You found it on level 6 of the Dungeon)

   It freezes those it strikes, dealing additional cold damage.
   It can also slow down cold-blooded creatures.
   Str:       It affects your strength (+4).
   Fly:       It grants you flight.
 b - a +0 hunting sling
 g - a +0 mace of draining
 s - a +0 whip of electrocution
 w - a +1 hand axe of flaming
Missiles
 c - 222 stones (quivered)
 d - 114 sling bullets
 o - 122 arrows
 q - 2 throwing nets
 x - 3 boomerangs
 A - 6 bolts
 G - 38 poisoned darts
Armour
 l - a +1 robe (worn)
 r - a +0 helmet (worn)
 y - a +2 pair of boots of rampaging (worn)
Jewellery
 h - a +4 ring of protection
 j - a ring of willpower (right hand)
 n - the ring "Likhlad" {*Slow Fly rPois rF+ rN+}
   (You found it on level 7 of the Dungeon)

   [ring of protection from fire]

   rF:        It protects you from fire.
   rPois:     It protects you from poison.
   rN:        It protects you from negative energy.
   Fly:       It grants you flight.
   *Slow:     It may slow you when you take damage.
 z - a +4 ring of evasion
 H - a +6 ring of intelligence (left hand)
Wands
 f - a wand of digging (4)
 B - a wand of flame (34)
 D - a wand of polymorph (5)
 F - a wand of paralysis (28)
 J - a wand of iceblast (4)
Scrolls
 k - a scroll of fog
 t - 3 scrolls of teleportation
 I - a scroll of summoning {unknown}
Potions
 e - 2 potions of invisibility
 i - a potion of lignification
 m - 2 potions of berserk rage
 p - a potion of flight {unknown}
 v - a potion of magic {unknown}
 E - 2 potions of curing {unknown}
Miscellaneous
 C - a phantom mirror


   Skills:
 + Level 3.4 Fighting
 + Level 3.8(4.1) Axes
 + Level 2.6(3.8) Maces & Flails
 + Level 3.7(3.8) Slings
 + Level 1.0(2.5) Throwing
 + Level 3.4 Dodging
 + Level 3.2 Stealth
 * Level 8.8 Spellcasting
 + Level 0.5 Conjurations
 + Level 2.3 Summonings
 + Level 7.5 Ice Magic


You couldn't memorise any spells.
You knew the following spells:

 Your Spells              Type           Power      Damage    Failure   Level
a - Freeze                Ice            100%       1d11      1%          1
b - Frozen Ramparts       Ice            92%        1d11      1%          3
c - Ozocubu's Armour      Ice            46%        N/A       1%          3
d - Magic Dart            Conj           52%        1d5       4%          1
e - Mephitic Cloud        Conj/Pois/Air  11%        N/A       17%         3
f - Call Imp              Summ           21%        N/A       3%          2
g - Hailstorm             Conj/Ice       29%        3d8       12%         4
h - Portal Projectile     Hex/Tloc       20%        N/A       19%         3
i - Summon Guardian Gole  Hex/Summ       16%        N/A       11%         3
j - Call Canine Familiar  Summ           21%        N/A       7%          3

Your spell library contained the following spells:

 Spells                   Type           Power      Damage    Failure   Level
 Summon Small Mammal      Summ           84%        N/A       2%          1
 Gell's Gravitas          Tloc           10%        N/A       19%         3
 Teleport Other           Tloc           10%        N/A       19%         3
 Leda's Liquefaction      Hex/Erth       5%         N/A       52%         4
 Petrify                  Tmut/Erth      10%        N/A       52%         4
 Irradiate                Conj/Tmut      5%         3d15      83%         5
 Dispersal                Tloc           5%         N/A       100%        6
 Sublimation of Blood     Necr           Unusable   N/A       N/A         2

Dungeon Overview and Level Annotations

Branches:
Dungeon (9/15)             Temple (0/1) D:6
   Lair: D:8-11         Orc: D:9-12

Altars:
Ashenzari
Cheibriados
Gozag
Hepliaklqana
Makhleb
Okawaru
Trog
Wu Jian
The Shining One

Shops:
D:3 :

Annotations:
D:9 Psyche


Innate Abilities, Weirdness & Mutations

You are immune to sickness and miasma.
Your stone body is resilient. (AC +7)
You are immune to poison.
You resist negative energy. (rN+)
You are resistant to electric shocks. (rElec)
You are resistant to unholy torment.
You are immune to petrification.
You have sharp toenails.
You are clumsy. (Dex -2)
Armour fits poorly on your strangely shaped body.
You are strong-willed. (Will+)
You are robust. (+10% HP)


Message History

A swirling arc of seething chaos appears!
The arc of chaos hits you but does no damage.
You partially resist.
You hit Psyche but do no damage.
Psyche is lightly wounded.
Psyche cries, "I hate blood and violence."
Psyche mumbles some strange words.
Psyche flickers and vanishes!
Deactivating autopickup; reactivate with Ctrl-A.
Something hits you. Space warps horribly around you!
You closely miss something.
You hear some strange, mumbled words.
Something tries to affect you, but you resist.
You closely miss something. Something barely misses you.
You hear some strange, mumbled words.
A swirling arc of seething chaos appears!
An arc of chaos appears from out of thin air!
The arc of chaos hits you. You resist.
You barely miss something. Something hits you.
You blink.
You hear some strange, mumbled words.
A swirling arc of seething chaos appears!
An arc of chaos appears from out of thin air!
The arc of chaos hits you. You resist.
You hit something. You freeze something. Something hits you but does no damage.
Space warps around you.
You miss something. Something hits you but does no damage.
Space warps around you. Something hits you but does no damage.
Space warps horribly around you!!
* * * LOW HITPOINT WARNING * * *
You hit something. You freeze something. Something hits you.
* * * LOW HITPOINT WARNING * * *
Space warps around you.
* * * LOW HITPOINT WARNING * * *
You slash something! You freeze something. Something hits you.
* * * LOW HITPOINT WARNING * * *
You hit something. You freeze something.
You hear some strange, mumbled words.
Something tries to affect you, but you resist.
Something hits you but does no damage. Space warps horribly around you!
You die...

#. #. #. #. # ####.##
#. ##+## #.....#
#.###...## #..###
#........## #.##.{#.##
##.......#
#....@...####.........
#####.......'.........
#....####.........
#>#.## ##.......#
#.### ##.....## #.#
##...## #.# ##+## #..
#..


There were no monsters in sight!

Vanquished Creatures
  The ghost of Leeroy the Grappler, a novice DrTm of Wu Jian (D:7)
  A moth of wrath (D:7)
  A wraith (D:9)
  Eustachio (D:4)
  Menkaure (D:7)
  3 water moccasins
  2 sky beasts
  2 black bears (D:7)
  6 ice beasts
  2 necrophages (D:6)
  An ogre (D:4)
  A phantom (D:5)
  3 bullfrogs
  2 scorpions
  A water moccasin skeleton (D:6)
  2 howler monkeys (D:6)
  A centaur zombie (D:7)
  3 hounds
  An iguana (D:6)
  4 orc priests
  A jelly (D:6)
  2 bullfrog skeletons
  A centaur skeleton (D:6)
  Jessica (D:2)
  Terence (D:2)
  4 orc wizards
  Natasha (thrice) (D:2)
  Robin (D:4)
  7 adders
  A gnoll (D:3)
  A dart slug (D:3)
  17 orcs
  5 ball pythons
  3 endoplasms
  A giant cockroach (D:2)
  14 goblins
  3 hobgoblins
  8 jackals
  3 kobolds
  5 quokkas
  3 bats
  2 frilled lizards
  5 rats
131 creatures vanquished.

Vanquished Creatures (collateral kills)
  A steam dragon (D:8)
  An orc warrior (D:8)
  A centaur (D:7)
  A hound zombie (D:5)
4 creatures vanquished.

Vanquished Creatures (others)
  A plant (D:4)
1 creature vanquished.

Grand Total: 136 creatures vanquished

Notes
Turn   | Place    | Note
-------+----------+-------------------------------------------
     0 | D:1      | dracfodder the Gargoyle Ice Elementalist began the quest
                  | for the Orb.
     0 | D:1      | Reached XP level 1. HP: 10/10 MP: 3/3
   139 | D:1      | Reached XP level 2. HP: 15/15 MP: 1/5
   246 | D:1      | Found a faded altar of an unknown god.
   820 | D:2      | Noticed Terence
   825 | D:2      | Killed Terence
   826 | D:2      | Reached XP level 3. HP: 18/19 MP: 1/7
  1071 | D:2      | Learned a level 3 spell: Frozen Ramparts
  1075 | D:2      | Learned a level 3 spell: Ozocubu's Armour
  1086 | D:2      | Reached XP level 4. HP: 24/24 MP: 4/8
  1143 | D:2      | Noticed Natasha
  1150 | D:2      | Killed Natasha
  1151 | D:2      | Reached skill level 5 in Ice Magic
  1744 | D:2      | Noticed Jessica
  1769 | D:2      | Killed Jessica
  1770 | D:2      | Reached skill level 3 in Spellcasting
  1770 | D:2      | Reached XP level 5. HP: 14/28 MP: 2/9
  2105 | D:2      | Noticed Natasha
  2109 | D:2      | Killed Natasha
  2282 | D:2      | Noticed Natasha
  2290 | D:2      | Killed Natasha
  2571 | D:3      | Found an iron altar of Okawaru.
  2571 | D:3      | Found a bloodstained altar of Trog.
  2738 | D:3      | Found Loux Mez's Book Shop.
  3789 | D:4      | Reached skill level 1 in Maces & Flails
  3834 | D:4      | Noticed Robin
  3841 | D:4      | Killed Robin
  3873 | D:4      | Reached XP level 6. HP: 29/32 MP: 7/11
  3945 | D:4      | Learned a level 1 spell: Magic Dart
  3949 | D:4      | Learned a level 3 spell: Mephitic Cloud
  4108 | D:4      | Found a hazy altar of Hepliaklqana.
  4115 | D:4      | Gained mutation: You have sharp toenails. [potion of
                  | mutation]
  4115 | D:4      | Gained mutation: Armour fits poorly on your strangely
                  | shaped body. [potion of mutation]
  4115 | D:4      | Gained mutation: Your muscles are strong. (Str +2) [potion
                  | of mutation]
  4212 | D:4      | Noticed Eustachio
  4242 | D:4      | Killed Eustachio
  4243 | D:4      | Reached skill level 4 in Spellcasting
  4405 | D:4      | Learned a level 2 spell: Call Imp
  4408 | D:5      | Entered Level 5 of the Dungeon
  4525 | D:4      | Reached XP level 7. HP: 37/37 MP: 9/13
  4527 | D:4      | Reached skill level 1 in Throwing
  4547 | D:4      | Reached skill level 1 in Slings
  4550 | D:4      | Reached skill level 5 in Spellcasting
  4631 | D:4      | Found a glowing golden altar of the Shining One.
  5030 | D:5      | Reached skill level 1 in Fighting
  5193 | D:5      | Reached XP level 8. HP: 23/43 MP: 13/16
  5377 | D:5      | Lost mutation: Your muscles are strong. (Str +2) [potion of
                  | mutation]
  5377 | D:5      | Gained mutation: You are robust. (+10% HP) [potion of
                  | mutation]
  5377 | D:5      | Gained mutation: You are clumsy. (Dex -2) [potion of
                  | mutation]
  5377 | D:5      | Gained mutation: You are strong-willed. (Will+) [potion of
                  | mutation]
  5622 | D:6      | Found a large runed translucent door.
  5628 | D:6      | Found a large runed translucent door.
  5902 | D:6      | Reached skill level 6 in Spellcasting
  6087 | D:6      | Identified the +5 hand axe "Loble" {freeze, Fly Str+4}
  6111 | D:6      | Reached skill level 1 in Axes
  6128 | D:6      | Learned a level 4 spell: Hailstorm
  6321 | D:6      | Reached skill level 1 in Summonings
  6447 | D:6      | Reached XP level 9. HP: 52/52 MP: 12/18
  6482 | D:6      | Learned a level 3 spell: Portal Projectile
  6715 | D:6      | Found a staircase to the Ecumenical Temple.
  6811 | D:6      | Found an ornate altar of the Wu Jian Council.
  6837 | D:6      | Found a snail-covered altar of Cheibriados.
  6898 | D:7      | Noticed Menkaure
  6905 | D:7      | Killed Menkaure
  6906 | D:7      | Reached skill level 7 in Spellcasting
  7130 | D:7      | Found a broken altar of Ashenzari.
  7130 | D:7      | Found an opulent altar of Gozag.
  7304 | D:7      | Found a transporter.
  7314 | D:7      | Noticed a moth of wrath
  7314 | D:7      | Noticed Leeroy's ghost (novice DrTm)
  7447 | D:7      | Found a burning altar of Makhleb.
  7541 | D:7      | Learned a level 3 spell: Summon Guardian Golem
  7562 | D:7      | Found a transporter.
  7582 | D:7      | Killed a moth of wrath
  7583 | D:7      | Reached skill level 8 in Spellcasting
  7584 | D:7      | Killed Leeroy's ghost
  7585 | D:7      | Reached XP level 10. HP: 52/61 MP: 11/22
  7589 | D:7      | Learned a level 3 spell: Call Canine Familiar
  7590 | D:7      | Identified the ring "Likhlad" {*Slow Fly rPois rF+ rN+}
  8666 | D:9      | Noticed Psyche
  8680 | D:9      | Slain by Psyche

Illustrated notes

Levels and vault maps discovered:
D:1:      grunt_arrival_lava_bath, layout_loops_cross,
          hellmonk_ecumenical_altar_leap_of_faith
D:2:      layout_basic, uniq_terence, uniq_jessica, uniq_natasha
D:3:      layout_basic, grunt_temple_overflow_bloody_war, serial_shops, shop,
          serial_aquarium, aquarium_bridge_long_joined [aquarium_subvault_wall,
          aquarium_subvault_bridge, aquarium_subvault_bridge,
          aquarium_subvault_wall, aquarium_subvault_bridge,
          aquarium_subvault_wall], aquarium_window_1, aquarium_window_fake,
          aquarium_view_2b, aquarium_view_2b, hangedman_decor_points
D:4:      layout_basic, tso_oasis_becter, kennysheep_mini_moat, uniq_eustachio,
          uniq_robin
D:5:      layout_gridville
D:6:      layout_cave_pods, jmf_multi_god_temple2, temple_hall,
          minmay_misc_feat_rugged, minmay_checkerbox
D:7:      layout_gridville, makhleb_heckhound_becter,
          grunt_temple_overflow_open, gammafunk_ghost_berserking_beasts,
          uniq_menkaure
D:8:      layout_rooms, kennysheep_little_box, minmay_holes
D:9:      layout_loops_corners, kennysheep_orc_monster_closet_entryway,
          enter_bailey_3, kennysheep_small_square, uniq_psyche

Skill      XL: |  1  2  3  4  5  6  7  8  9 |
---------------+----------------------------+-----
Ice Magic      | 5 6 7 |  7.5
Spellcasting   | 3 4 5 6 8 |  8.8
Maces & Flails | 1 2 |  2.6
Dodging        | 2 3 |  3.4
Throwing       | 1 |  1.0
Slings         | 1 3 |  3.7
Fighting       | 1 2 3 |  3.4
Axes           | 1 3 |  3.8
Summonings     | 1 2 |  2.3
Stealth        | 3 |  3.2
Conjurations   | |  0.5

Action                   |  1- 3 |  4- 6 |  7- 9 | 10-12 || total
-------------------------+-------+-------+-------+-------++-------
Melee: Whip              |    14 |     1 |       |       ||    15
       Mace              |     4 |    70 |    63 |       ||   137
       Kick              |       |       |     3 |       ||     3
       Hand axe          |       |       |   106 |    49 ||   155
 Fire: Hunting sling     |       |     6 |    60 |    13 ||    79
Throw: Stone             |     5 |    34 |       |       ||    39
 Cast: Freeze            |    20 |    10 |     8 |     3 ||    41
       Frozen Ramparts   |     1 |    17 |    15 |     2 ||    35
       Ozocubu's Armour  |       |     4 |     8 |     2 ||    14
       Magic Dart        |       |     2 |       |     1 ||     3
       Call Imp          |       |     1 |    14 |     1 ||    16
       Mephitic Cloud    |       |       |     4 |     2 ||     6
       Summon Guardian G |       |       |       |     3 ||     3
       Call Canine Famil |       |       |       |     1 ||     1
       Hailstorm         |       |       |       |     1 ||     1
  Use: Scroll            |       |     7 |     4 |     1 ||    12
       Potion            |       |     1 |     2 |     1 ||     4
 Stab: Sleeping          |     1 |     2 |       |     1 ||     4
       Distracted        |       |       |     1 |       ||     1
Armor: Robe              |    11 |    40 |   147 |    40 ||   238
Dodge: Dodged            |    17 |    43 |   122 |    34 ||   216

Table legend: (Time is in decaauts)
 A = Elapsed time spent in this place.
 B = Non-inter-level travel time spent in this place.
 C = Inter-level travel time spent in this place.
 D = Time resting spent in this place.
 E = Time spent auto-exploring this place.
 F = Levels seen in this place.
 G = Mean time per level.
                   A        B        C        D        E       F      G
               +--------+--------+--------+--------+--------+-----+--------+
         Total |   8765 |   8413 |    352 |   2321 |   4195 |   9 |  973.9 |
       Dungeon |   8765 |   8413 |    352 |   2321 |   4195 |   9 |  973.9 |
               +--------+--------+--------+--------+--------+-----+--------+

Top non-repeatable levels by time:
     D:2: 1557 daAuts
     D:3: 1436 daAuts
     D:6: 1315 daAuts
     D:7: 1235 daAuts
     D:5: 942 daAuts
     D:4: 885 daAuts
     D:1: 809 daAuts
     D:8: 456 daAuts
     D:9: 127 daAuts
